 Dungeon Crawl Stone Soup version 0.31-a0-940-gdaa99269f9 (webtiles) character file.

Game seed: 2771970113191095048

1187 NinjaNoafa the Poker (level 8, -7/78 (83) HPs)
             Began as an Ogre Monk on Oct 20, 2023.
             Splashed by a jelly's acid (9 damage)
             ... on level 3 of the Dungeon.
             The game lasted 00:10:17 (4921 turns).

NinjaNoafa the Poker (Ogre Monk)                    Turns: 4921, Time: 00:10:18

HP:   -7/78 (83)    AC: -1    Str: 18    XL:     8   Next: 43%
MP:   0/8           EV: 10    Int: 11    God:
Gold: 156           SH:  0    Dex: 11    Spells: 7/7 levels left

rFire   + . .        c - +0 trident
rCold   . . .        d - orb {light}
rNeg    . . .        b - +0 robe
rPois   .            (helmet currently unavailable)
rElec   .            (cloak currently unavailable)
rCorr   .            (gloves unavailable)
SInv    .            (boots unavailable)
Will    +....        y - amulet of guardian spirit
Stlth   +            w - ring of protection from fire
HPRegen 0.33/turn    A - ring of willpower
MPRegen 0.11/turn

%: guardian spirit
@: about to teleport, beast-form, corroded, glowing, drained
A: beast (slay +3), large, unfitting armour, tough skin 1
a: Begin Untransformation


You were on level 3 of the Dungeon.
You were a hulking beast.
You visited 1 branch of the dungeon, and saw 5 of its levels.
You also visited: Sewer.

You collected 222 gold pieces.
You spent 66 gold pieces at shops.

Inventory:

Hand Weapons
 c - a +0 trident (weapon)
Missiles
 a - 7 poisoned darts
 e - a throwing net
 h - 4 datura-tipped darts
 D - 4 boomerangs
Armour
 b - a +0 robe (worn)
 d - an orb of light (worn)
Jewellery
 w - a ring of protection from fire (left hand)
 y - an amulet of guardian spirit (around neck)
 A - a ring of willpower (right hand)
Talismans
 j - a beast talisman (active)
Wands
 z - a wand of roots (17)
Scrolls
 g - 2 scrolls of blinking {unknown}
 i - 3 scrolls of teleportation
 k - 2 scrolls of immolation
 l - 4 scrolls of revelation
 q - 2 scrolls of fog {unknown}
 r - a scroll of amnesia {unknown}
 v - a scroll of vulnerability {unknown}
 x - a scroll of fear {unknown}
 B - a scroll of poison {unknown}
 C - a scroll of enchant armour {unknown}
Potions
 f - 2 potions of haste
 m - 3 potions of heal wounds
 n - a potion of degeneration
 o - 4 potions of magic
 p - 3 potions of resistance {unknown}
 s - a potion of experience {unknown}
 t - 3 potions of curing {unknown}
 u - a potion of brilliance {unknown}


   Skills:
 - Level 6.0 Fighting
 + Level 7.2 Polearms
 - Level 2.6 Dodging
 - Level 5.6 Shapeshifting


You had 7 spell levels left.
You didn't know any spells.
Your spell library contained the following spells:

 Spells                   Type           Power      Damage    Failure   Level
 Freeze                   Ice            0%         1d3       34%         1
 Sandblast                Erth           0%         2d4       34%         1
 Passwall                 Tmut/Erth      0%         N/A       47%         2
 Frozen Ramparts          Ice            0%         1d1       71%         3
 Hailstorm                Conj/Ice       0%         3d3       71%         3
 Ozocubu's Armour         Ice            0%         N/A       71%         3
 Stone Arrow              Conj/Erth      0%         3d7       71%         3
 Brom's Barrelling Bould  Conj/Erth      0%         2d3       98%         4
 Ozocubu's Refrigeration  Ice            0%         4d7       100%        7


Dungeon Overview and Level Annotations

Branches:
Dungeon (5/15) Zot: 25501   Sewer (visited)
 Temple: D:4-7

Altars:
Nemelex Xobeh
Yredelemnul

Shops:
D:2 ?


Innate Abilities, Weirdness & Mutations

You are a hulking beast.
Your limbs bulge with bestial killing power. (Slay +3)
You are too large for most types of armour.
You have tough skin. (AC +1)


Message History

* * * LOW HITPOINT WARNING * * *
The wight closely misses you.
You take 9 damage, and have 12/76 hp.
Aiming: Fastroot
Press: ? - help, Shift-Dir - straight line The roots erupt in riotous growth!
The jelly is unaffected.
Roots grab the wight.
The grasping roots constrict the wight.
The jelly misses you. The wight closely misses you.
Unknown command.
Unknown command.
You hit the wight but do no damage.
The grasping roots constrict the wight.
The roots release their grip on the wight.
The jelly misses you. The wight hits you with a +0 dagger!
* * * LOW HITPOINT WARNING * * *
You take 6 damage, and have 6/76 hp.
Unknown command.
You feel much better. The jelly hits you.
* * * LOW HITPOINT WARNING * * *
You are splashed with acid!
* * * LOW HITPOINT WARNING * * *
The wight hits you with a +0 dagger!
* * * LOW HITPOINT WARNING * * *
You regained 7 hp, and now have 13/76 hp.
You now have 0/8 mp.
You puncture the wight!
You destroy the wight!
The jelly hits you.
* * * LOW HITPOINT WARNING * * *
You are splashed with acid!
* * * LOW HITPOINT WARNING * * *
You take 9 damage, and have 4/78 hp.
Unknown command.
Okay, then.
As you read the scroll labelled DUSSE FOKE, it crumbles to dust.
You feel strangely unstable.
It was a scroll of teleportation.
The jelly hits you.
* * * LOW HITPOINT WARNING * * *
You are splashed with acid!
You die...

....#####.##...#.### ####......#.
#.####.....#.....### ######..<
#.###..............### #.#.
#.##.................### #.##
#.>#.<.................# #.##
##.#.................#.# #.##
#...................#.# ####...
##..................#.## #>...##
#.............h....#..###....#
#.............J[#####......###
####.#.....#.....#####.....######
..........#####.###.........###..
.########.####....)......).)[))..
.# #...##.....####....)..###).
##### #.####.##### ##.....## #..
♣♣..###.# #..# ##.....## #..
.♣.♣....###.## #.......# #..


You could see a jelly.

Vanquished Creatures
  A water moccasin (D:5)
  A black bear (D:4)
  An ogre (D:4)
  Blork the orc (D:5)
  A kobold brigand (Sewer)
  A scorpion (D:5)
  A wight (D:3)
  2 hounds (D:4)
  An orc priest (D:5)
  2 iguanas
  Ijyb (D:4)
  Natasha (thrice) (D:3)
  An orc wizard (D:5)
  A scorpion zombie (D:3)
  Robin (D:3)
  16 adders
  2 river rats (Sewer)
  A shadow imp (D:5)
  2 adder zombies (D:3)
  2 worms
  2 dart slugs
  16 orcs
  13 endoplasms
  6 giant cockroaches
  18 goblins
  12 hobgoblins
  2 jackals (D:3)
  3 quokkas
  14 ball pythons
  8 bats
  2 frilled lizards (D:2)
  18 kobolds
  11 rats
167 creatures vanquished.

Notes
Turn   | Place    | Note
-------+----------+-------------------------------------------
     0 | D:1      | NinjaNoafa the Ogre Monk began the quest for the Orb.
     0 | D:1      | Reached XP level 1. HP: 24/24 MP: 1/1
    94 | D:1      | Reached XP level 2. HP: 29/33 MP: 2/2
   311 | D:1      | Found a faded altar of an unknown god.
   364 | D:1      | Reached XP level 3. HP: 41/41 MP: 3/3
   623 | D:2      | Found Nedilef's Magic Scroll Shoppe.
   630 | D:2      | Reached skill level 5 in Fighting
   642 | D:2      | Bought a scroll of identify for 22 gold pieces
   642 | D:2      | Bought a scroll of immolation for 44 gold pieces
   842 | D:2      | Reached skill level 1 in Shapeshifting
   984 | D:2      | Reached XP level 4. HP: 50/50 MP: 4/4
  1735 | D:3      | Noticed Robin
  1771 | D:3      | Killed Robin
  1772 | D:3      | Reached XP level 5. HP: 27/59 MP: 5/5
  1924 | D:3      | Found a basalt altar of Yredelemnul.
  2005 | D:3      | Noticed Natasha
  2012 | D:3      | Killed Natasha
  2205 | D:3      | Reached XP level 6. HP: 67/67 MP: 6/6
  2223 | D:3      | Noticed Natasha
  2229 | D:3      | Killed Natasha
  2321 | D:3      | Noticed Natasha
  2326 | D:3      | Killed Natasha
  2424 | D:4      | Found a glowing drain.
  2439 | Sewer    | Entered a sewer
  2944 | D:4      | Reached skill level 5 in Shapeshifting
  2944 | D:4      | Reached XP level 7. HP: 74/75 MP: 7/7
  3125 | D:4      | Noticed Ijyb
  3138 | D:4      | Killed Ijyb
  3226 | D:4      | Found a sparkling altar of Nemelex Xobeh.
  3505 | D:5      | Entered Level 5 of the Dungeon
  3528 | D:4      | Reached skill level 4 in Polearms
  3720 | D:4      | Reached skill level 5 in Polearms
  3947 | D:5      | Noticed Blork the orc
  3953 | D:5      | Killed Blork the orc
  3996 | D:5      | Reached XP level 8. HP: 49/83 MP: 5/8
  4097 | D:5      | Reached skill level 6 in Polearms
  4525 | D:5      | Reached skill level 7 in Polearms
  4654 | D:4      | HP: 3/80 [acid (6)]
  4921 | D:3      | HP: 2/78 [jelly (2)]
  4921 | D:3      | Splashed by a jelly's acid

Illustrated notes

Levels and vault maps discovered:
D:1:      dpeg_arrival_arbitrary_c, layout_basic,
          shapermc_ecumenical_altar_mp_ritualfount, minmay_ruptured
D:2:      cheibrodos_fertilizer, layout_loops_ring, serial_shops, shop,
          minmay_tetromino_t4
D:3:      layout_rooms, nicolae_yredelemnul_corpse_copse, serial_curves,
          eino_curves_01, eino_curves_04, chequers_serial_rivers_marsh,
          uniq_natasha, uniq_robin
D:4:      layout_basic, nemelex_spade_bored_becter, cheibrodos_sewer_entry_bend,
          uniq_ijyb
D:5:      layout_gridville, mainiacjoe_overflow_big_doors,
          minmay_temple_entry_arrows, saegor_snake_ambush, uniq_blork_the_orc

Skill      XL: |  1  2  3  4  5  6  7  8 |
---------------+-------------------------+-----
Fighting       | 5 6 |  6.0
Shapeshifting  | 1 2 3 5 |  5.6
Polearms       | 5 7 |  7.2
Dodging        | |  2.6

Action                     |  1- 3 |  4- 6 |  7- 9 || total
---------------------------+-------+-------+-------++-------
  Melee: Spear             |   120 |   113 |       ||   233
         Trident           |       |   124 |   152 ||   276
  Evoke: Wand              |       |       |     4 ||     4
    Use: Scroll            |     5 |       |     1 ||     6
         Potion            |       |     4 |     2 ||     6
   Stab: Distracted        |       |       |     1 ||     1
 Armour: Robe              |    57 |   154 |   149 ||   360
  Dodge: Dodged            |    35 |   112 |    90 ||   237
   Form: Beast             |     1 |       |       ||     1

Table legend: (Time is in decaauts)
 A = Elapsed time spent in this place.
 B = Non-inter-level travel time spent in this place.
 C = Inter-level travel time spent in this place.
 D = Time resting spent in this place.
 E = Time spent auto-exploring this place.
 F = Levels seen in this place.
 G = Mean time per level.
                   A        B        C        D        E       F      G
               +--------+--------+--------+--------+--------+-----+--------+
         Total |   4884 |   4685 |    199 |   1163 |   2280 |   6 |  814.0 |
       Dungeon |   4497 |   4298 |    199 |   1107 |   2109 |   5 |  899.4 |
         Sewer |    387 |    387 |      0 |     56 |    171 |   1 |  387.0 |
               +--------+--------+--------+--------+--------+-----+--------+

Top non-repeatable levels by time:
     D:4: 1196 daAuts
     D:3: 1073 daAuts
     D:2: 975 daAuts
     D:5: 690 daAuts
     D:1: 561 daAuts
   Sewer: 387 daAuts
